Cogmind - Beta 13 @@@ ROGUE MODE // 2024.04.06 @ 20:56:49 Player: lazy_engineer Result: Destroyed by R4-5E4(R) with Subdweller Machine Gun Performance ------------- Evolutions (0) 0 Regions Visited (3) 600 Robots Destroyed (18) 90 Value Destroyed (315) 315 Prototype IDs (10) 200 Alien Tech Used (0) 0 Bonus (0) 0 TOTAL SCORE: 1205 Bonus ------- None Cogmind --------- Core Integrity 0/250 Matter 221/300 Energy 250/250 System Corruption 0% Temperature Cool (0) Movement Flying (360) Ox4 Location -10/Subcaves Parts ------- > --- POWER (1) -------- Ion Engine > --- PROPULSION (2) --- Flight Unit > --- UTILITY (2) ------ Medium Storage Unit > --- WEAPON (2) ------- Assault Rifle Light Assault Rifle > --- INVENTORY (10) --- Flightbrick Large Storage Unit Structural Scanner Structural Scanner Sensor Array Light Assault Rifle Mining Laser Peak State ------------ > --- POWER ------------ Ion Engine > --- PROPULSION ------- Flight Unit Flight Unit > --- UTILITY ---------- Medium Storage Unit Sensor Array > --- WEAPON ----------- Assault Rifle Light Assault Rifle > --- INVENTORY -------- Flightbrick Large Storage Unit High-capacity Storage Unit Structural Scanner Structural Scanner Light Assault Rifle Mining Laser [Rating: 11] Favorites ----------- Power Ion Engine Engine Ion Engine Propulsion Light Treads Treads Light Treads Flight Unit Flight Unit Utility Small Storage Unit Device Sensor Array Storage Small Storage Unit Weapon Light Assault Rifle Energy Gun Small Laser Ballistic Gun Light Assault Rifle Special Weapon Mining Laser Build | -11 -10 -10 -10 ------- Run | Yrd Mat Min Sub Slots Evolved . | . . . . Power . | . . . . Propulsion . | . . . . Utility . | . . . . Weapon . | . . . . Parts Attached 22 | 7 6 2 7 Power 2 | 1 . 1 . Engine 2 | 1 . 1 . Core . | . . . . Reactor . | . . . . Propulsion 6 | 2 . . 4 Treads 2 | 2 . . . Leg . | . . . . Wheel . | . . . . Hover . | . . . . Flight 4 | . . . 4 Utility 6 | 2 2 1 1 Device 2 | . . 1 1 Storage 4 | 2 2 . . Processor . | . . . . Hackware . | . . . . Protection . | . . . . Artifact . | . . . . Weapon 8 | 2 4 . 2 Energy Gun 1 | 1 . . . Energy Cannon . | . . . . Ballistic Gun 6 | 1 4 . 1 Ballistic Cannon . | . . . . Launcher . | . . . . Special Weapon 1 | . . . 1 Impact Weapon . | . . . . Slashing Weapon . | . . . . Piercing Weapon . | . . . . Special Melee Weapon . | . . . . Unidentified Prototypes . | . . . . Parts Lost 3 | . 1 . 2 Power . | . . . . Propulsion 3 | . 1 . 2 Utility . | . . . . Weapon . | . . . . Highest Loss Streak 1 | . 1 . 1 To Critical Strikes . | . . . . Average Slot Usage (%) 90 | . 94 85 90 Engine 14 | . 14 14 14 Treads 17 | . 22 14 4 Flight 2 | . . . 15 Device 5 | . . 11 13 Storage 22 | . 28 16 14 Energy Gun 2 | . 5 . . Ballistic Gun 24 | . 22 28 26 Naked Turns . | . . . . Heaviest Build 23 | 17 23 23 19 Greatest Support 40 | 40 40 20 20 Greatest Overweight (x) 6 | . 1 1 6 Average Overweight (x) . | . . . 1 Largest Inventory Capacity 10 | 8 10 10 10 Average Capacity 9 | 7 8 10 10 Most Carried 10 | 4 10 10 10 Average Carried 7 | 1 5 9 9 Final Capacity 10 | 8 10 10 10 Final Carried 10 | 1 10 10 10 Class Distribution -------------------- 100% | Mutant Dominant Class ---------------- Mutant | -10/Materials Mutant | -10/Mines Mutant | -10/Subcaves Resources | -11 -10 -10 -10 ----------- Run | Yrd Mat Min Sub Matter Collected 473 | 245 207 10 11 Remotely . | . . . . Salvage Created 488 | 111 347 . 30 Parts 37 | 4 30 . 3 Haulers Intercepted . | . . . . Recyclers Shooed . | . . . . Parts Field Recycled . | . . . . Retrieved Matter . | . . . . Parts Self-Destructed 3 | . . . 3 Prevented . | . . . . Kills | -11 -10 -10 -10 ------- Run | Yrd Mat Min Sub Combat Hostiles Destroyed 13 | . 11 . 2 Guns 13 | . 11 . 2 Classes Destroyed 5 | 2 3 . . Tunneler 2 | 1 1 . . Recycler 1 | 1 . . . Watcher 2 | . 2 . . Swarmer 8 | . 6 . 2 Grunt 5 | . 5 . . Best Kill Streak 3 | 2 3 . 2 Combat Bots Only 3 | . 3 . 2 Max Kills in Single Turn 2 | 1 1 . 2 Gunslinging 1 | . . . 1 Exploded . | . . . . Melee . | . . . . Uniques/NPCs Destroyed . | . . . . Combat | -11 -10 -10 -10 -------- Run | Yrd Mat Min Sub Hostile Shots Fired 108 | . 81 . 27 Missed 24 | . 16 . 8 Damage Taken 912 | . 679 . 233 Core 262 | . 114 . 148 Absorbed by Shields . | . . . . Core Remaining (%) 100 | 100 . . . Volleys Fired 74 | 4 63 . 7 Largest 2 | 2 2 . 2 Hottest 100 | 60 60 . 100 Shots Fired 146 | 8 126 . 12 Gun 144 | 8 126 . 10 Cannon . | . . . . Launcher . | . . . . Special 2 | . . . 2 Kinetic 127 | 4 113 . 10 Thermal 19 | 4 13 . 2 Explosive . | . . . . Electromagnetic . | . . . . Robot Hit Streak 6 | 2 6 . 6 Robot Miss Streak 5 | 1 5 . 2 Penetration Max . | . . . . Secondary Targets 3 | . 2 . 1 Max Gunslinging Chain 1 | . 1 . 1 Shots Hit Robots 84 | 5 71 . 8 Core Hits 35 | 3 29 . 3 Critical Kills . | . . . . Critical Parts Destroyed . | . . . . Critical Strikes . | . . . . Melee Attacks . | . . . . Impact . | . . . . Slashing . | . . . . Piercing . | . . . . Sneak Attacks . | . . . . Combat Hostiles . | . . . . Follow-up Attacks . | . . . . Damage Inflicted 806 | 46 675 . 85 Guns 806 | 46 675 . 85 Cannons . | . . . . Explosions . | . . . . Melee . | . . . . Ramming . | . . . . Kinetic 715 | 23 607 . 85 Thermal 91 | 23 68 . . Explosive . | . . . . Electromagnetic . | . . . . Impact . | . . . . Slashing . | . . . . Piercing . | . . . . Highest Corruption . | . . . . Average Corruption . | . . . . Corruption Purged . | . . . . Corruption Blocked . | . . . . Overload Shots . | . . . . Overflow Damage . | . . . . Projectiles . | . . . . Explosions . | . . . . Melee . | . . . . Knockbacks . | . . . . Impact . | . . . . Kinetic . | . . . . Secondary . | . . . . Self-Inflicted Damage . | . . . . Shots . | . . . . Rammed . | . . . . Targets Rammed . | . . . . Kicked . | . . . . Crushed . | . . . . Highest Temperature 40 | 40 40 . . Average Temperature 15 | 18 15 . . Received Heat Transfer 216 | . 198 . 18 Siege Activations . | . . . . Robots Corrupted . | . . . . Combat Hostiles . | . . . . Parts Fried . | . . . . Impact Corruptions . | . . . . Robots Melted . | . . . . Combat Hostiles . | . . . . Parts Melted . | . . . . Heat Transferred 200 | 50 150 . . Parts Sabotaged . | . . . . Parts Stolen . | . . . . Parts Stripped . | . . . . Power Chain Reactions . | . . . . Alert | -11 -10 -10 -10 ------- Run | Yrd Mat Min Sub Peak Influence 172 | 10 172 22 . Initial 22 | . 6 22 . Average 36 | 2 57 8 . Maximum Alert Level . | . . . . Low Security (%) 100 | 100 100 100 . Level 1 . | . . . . Level 2 . | . . . . Level 3 . | . . . . Level 4 . | . . . . Level 5 . | . . . . High Security . | . . . . Max Security . | . . . . Squads Dispatched 1 | . 1 . . Investigation 1 | . 1 . . Extermination . | . . . . Reinforcement . | . . . . Assault . | . . . . Garrison . | . . . . Intercept . | . . . . Searches Triggered . | . . . . Construction Impeded . | . . . . Haulers Reinforced . | . . . . Active Scanning Responses . | . . . . Cargo Convoy Interrupts . | . . . . Stealth | -11 -10 -10 -10 --------- Run | Yrd Mat Min Sub Distress Signals 2 | . 2 . . Communications Jammed . | . . . . Distress Signals . | . . . . Times Spotted 27 | . 21 . 6 Peak Tracking Total 5 | . 5 . 3 Tactical Retreats 1 | . 1 . . Traps | -11 -10 -10 -10 ------- Run | Yrd Mat Min Sub Traps Triggered 1 | . 1 . . Indirectly . | . . . . Trap Hack Attempts . | . . . . Triggered . | . . . . Disarmed . | . . . . Reprogrammed . | . . . . Reused . | . . . . Traps Extracted . | . . . . Installed . | . . . . Triggered . | . . . . Machines | -11 -10 -10 -10 ---------- Run | Yrd Mat Min Sub Machines Disabled 1 | . . . 1 Max in Single Turn 1 | . . . 1 Machines Repaired . | . . . . Machines Dismantled . | . . . . Machines Sabotaged . | . . . . Overloaded Fab Kills . | . . . . Hacking | -11 -10 -10 -10 --------- Run | Yrd Mat Min Sub Machines Accessed 9 | . 8 . 1 Terminals 6 | . 6 . . Fabricators . | . . . . Repair Stations . | . . . . Recycling Units 2 | . 2 . . Scanalyzers . | . . . . Garrison Access . | . . . . Total Hacks 32 | . 23 . 9 Successful 21 | . 12 . 9 Failed 11 | . 11 . . Catastrophic 1 | . 1 . . Database Lockouts . | . . . . Manual 9 | . 9 . . Terminals 15 | . 15 . . Fabricators . | . . . . Repair Stations . | . . . . Recycling Units 8 | . 8 . . Scanalyzers . | . . . . Garrison Access . | . . . . Terminal Hacks 14 | . 5 . 9 Record 9 | . 1 . 8 Robot Analysis 2 | . 2 . . Locate Traps 1 | . 1 . . Hauler Manifests 1 | . 1 . . Derelict Proto ID Bank 1 | . . . 1 Fabricator Hacks . | . . . . Repair Station Hacks . | . . . . Recycling Unit Hacks 4 | . 4 . . Report Inventory 2 | . 2 . . Retrieve Components 2 | . 2 . . Scanalyzer . | . . . . Garrison Access Hacks . | . . . . Unauthorized Hacks 3 | . 3 . . Terminals 2 | . 2 . . Track 1 | . 1 . . Operators 1 | . 1 . . Fabricators . | . . . . Repair Stations . | . . . . Recycling Units 1 | . 1 . . Reject 1 | . 1 . . Scanalyzers . | . . . . Garrison Access . | . . . . Data Cores Recovered . | . . . . Used . | . . . . Hacking Detections 8 | . 8 . . Full Trace Events 1 | . 1 . . Feedback Events . | . . . . Feedback Blocked . | . . . . Robot Schematics Acquired . | . . . . Robots Built . | . . . . Authchips . | . . . . Time . | . . . . Total Robot Build Rating . | . . . . Part Schematics Acquired . | . . . . Parts Built . | . . . . Authchips . | . . . . Time . | . . . . Total Part Build Rating . | . . . . Parts Repaired . | . . . . Time . | . . . . Parts Recycled . | . . . . Recycled Matter . | . . . . Retrieved Matter . | . . . . Retrieved Components 8 | . 8 . . Parts Scanalyzed . | . . . . Part Schematics Acquired . | . . . . Parts Damaged . | . . . . Bothacking | -11 -10 -10 -10 ------------ Run | Yrd Mat Min Sub Used RIF Installer . | . . . . Robots Hacked . | . . . . Non-combat . | . . . . Combat . | . . . . Robot Hacks Applied . | . . . . Relay Couplers Released . | . . . . Fabnet Peak Effective % . | . . . . Robots Rewired . | . . . . Allies Hacked . | . . . . Hacks Repelled . | . . . . Allies | -11 -10 -10 -10 -------- Run | Yrd Mat Min Sub Total Allies 1 | . . 1 . Largest Group 1 | . . 1 . Highest-Rated Group 31 | . . 31 . Highest-Rated Ally 31 | . . 31 . Total Orders . | . . . . Ally Attacks . | . . . . Total Damage . | . . . . Kills . | . . . . Allies Corrupted . | . . . . Allies Melted . | . . . . Intel | -11 -10 -10 -10 ------- Run | Yrd Mat Min Sub Robot Analysis Total 2 | . 2 . . Derelict Logs Recovered 3 | . . 1 2 Drone Launches . | . . . . Drone Recoveries . | . . . . Exploration | -11 -10 -10 -10 ------------- Run | Yrd Mat Min Sub Turns Passed 2961 | 77 1436 1039 409 Spaces Moved 1417 | 42 635 551 189 Core 17 | 14 . . 3 Treads 1287 | 28 635 551 73 Legs . | . . . . Wheels . | . . . . Hover . | . . . . Flight 113 | . . . 113 Fastest Speed 50 | 50 160 160 160 Average Speed 177 | 123 183 169 197 Slowest Speed 360 | 160 240 240 360 Overloaded Moves . | . . . . Propulsion Burnouts . | . . . . Robots Hopped . | . . . . Cave-ins Triggered . | . . . . Exploration Rate (%) 51 | 5 92 99 9 Regions Visited 3 Branch Regions 2 Pre-discovered Areas 1 | . . . 1 Known Exits Taken . | . . . . Unknown Exits Taken 3 | 1 1 1 . Scrap Searched 2 | . . 2 . Spaces Dug . | . . . . Terrain Destroyed . | . . . . Melee . | . . . . Projectile . | . . . . AOE . | . . . . Terrain Rammed . | . . . . Walls Destroyed . | . . . . Machines Disabled . | . . . . Actions | -11 -10 -10 -10 --------- Run | Yrd Mat Min Sub Total 1734 | 60 804 657 213 Wait 186 | . 85 101 . Move 1414 | 41 634 550 189 Hop . | . . . . Pick Up 23 | 8 12 2 1 Fast Attach 3 | . . . 3 Attach 8 | 7 1 . . Detach 1 | . . . 1 Swap 11 | . 5 2 4 Drop 14 | . 4 2 8 Fire 74 | 4 63 . 7 Melee . | . . . . Ram . | . . . . Kick . | . . . . Crush . | . . . . Escape Stasis . | . . . . Rewire . | . . . . Trap . | . . . . Miscellaneous . | . . . . Route ------- -11/Scrapyard -10/Materials (discovered 3 exits: [*Mat x2] / [*Min]) -10/Mines (discovered 4 exits: [*Mat x2] / [*Exi] / *Sub) -10/Subcaves History --------- Turn | Location | Event 29 | -11/Scrapyard | Discovered new exit (range 16) 78 | -11/Scrapyard | Entered Materials 223 | -10/Materials | Discovered new exit (range 7) 300 | -10/Materials | Build established: Mutant 726 | -10/Materials | Discovered new exit (range 14) 916 | -10/Materials | Discovered new exit (range 10) 1514 | -10/Materials | Entered Mines 1530 | -10/Mines | Met a Derelict bent on vengeance 1857 | -10/Mines | Discovered new exit (range 7) 2199 | -10/Mines | Learned Materials emergency access door positions 2205 | -10/Mines | Discovered new exit (range 10) 2205 | -10/Mines | Discovered new exit (range 8) 2213 | -10/Mines | Received a Mining Laser from a helpful Derelict 2513 | -10/Mines | Discovered new exit (range 13) 2553 | -10/Mines | Entered Subcaves 2563 | -10/Subcaves | Learned Materials security intel 2640 | -10/Subcaves | Visited 4L-MR0's lab 2658 | -10/Subcaves | Found Flightbrick 2690 | -10/Subcaves | Core integrity fell below 50% 2875 | -10/Subcaves | Learned location of Storage (-8) 2952 | -10/Subcaves | A Subdweller sparked back to life 2952 | -10/Subcaves | A Subdweller sparked back to life 2952 | -10/Subcaves | A Subdweller sparked back to life 2956 | -10/Subcaves | Core integrity fell below 20% 2962 | -10/Subcaves | Destroyed by R4-5E4(R) with Subdweller Machine Gun Last Messages --------------- 02697_ Switching to secondary target: S-10 Pest. 02697_ S-10 Pest destroyed. 02699_ Acquired Sensor Array. 02701_ Acquired 11 matter. 02702_ Lgt. Ion Engine fries itself beyond repair. 02704_ Flight Unit fries itself beyond repair. 02705_ H2-X58(u) builds Twisted Machinery. 02708_ Acquired Flight Unit. 02709_ Lgt. Assault Rifle fries itself beyond repair. 02739_ Subatomizers dissect the Flight Unit. 02756_ Acquired Flight Unit. 02760_ Dropped Flight Unit. 02770_ Subatomizers dissect the Flight Unit. 02875_ Acquired derelict log, extracted data. World map updated: -8/Storage. 02952_ BP-O83(R) creaks and sparks as it begins to move. 02952_ R4-5E4(R) creaks and sparks as it begins to move. 02952_ 8B-PXT(R) creaks and sparks as it begins to move. 02959_ Flight Unit destroyed. 02959_ Dropped Hcp. Storage Unit. Map ----- +----------------------------------------------------+ | ???# #?###????????????????????????????????????? | | ??## ##???????????????????????????????????????? | | ??# # ##??????????????????????????????????????? | | ###" ## #??????????????????????????????????????? | | # " ## #??????????????????????????????????????? | | %% # ##?????????????????????????????????????? | | #?????????????????????????????????????? | | #" #?????????????????????????????????????? | | ## ## ##????????????????????????????????????? | | # ### ##???????????????????????????????????? | | ## #?# ##??????????????????????????????????? | | ^ ## ### #??????????????????????????????????? | | ### ## ##?????????????????????????????????? | | ### # #?????????????????????????????????? | | ??# #?????????????????????????????????? | | ??# #?????????????????????????????????? | | ### ######????????????????????????????? | | # ## ##???????????????????????????? | | # ## #???????????????????????????? | | # ### #???????????????????????????? | | # # ##??????????????????????????? | | # #??????????????????????????? | | # #?????##???????????????????? | | ## ## ### ###### #???????????????????? | | ## #####?## ## #????????????????????? | | # ##?????# ### @R ##???????????????????? | | ##????? ?# # ##R #### #?????????????? | | ####?????#### ## ###### & #?????????? | | ????????????## ######???# " #??????????? | | ?????????????? ????????# " # # #??????????? | | ?????????????? ????????### ##??????????????? | | ?????????????? #??????????##" & #???????????????? | | ?????????????? #???????????? ##???????????????? | | ?????????????? #????????????#####????????????????? | | ??????????????#??????????????????????????????????? | | ?????????????????????????????????????????????????? | | ?????????????????????????????????????????????????? | | ?????????????????????????????????????????????????? | | ?????????????????????????????????????????????????? | | ?????????????????????????????????????????????????? | | ?????????????????????????????????????????????????? | | ?????????????????????????????????????????????????? | | ?????????????????????????????????????????????????? | | ?????????????????????????????????????????????????? | | ?????????????????????????????????????????????????? | | ?????????????????????????????????????????????????? | | ?????????????????????????????????????????????????? | | | | | | | +----------------------------------------------------+ Best States ------------- Heat Dissipation 25 Energy Generation 10 Energy Capacity 250 Matter Stores 300 Matter Capacity 300 Sight Range 16 Robot Scan Range 14 Terrain Scan Density 10 Evasion (%) 50 Recoil Reduction 2 Item Schematics ----------------- None Robot Schematics ------------------ None Fabricated ------------ Nothing Alien Tech Used ----------------- None Achievements -------------- None Challenges ------------ None Game ------ Seed AlloyCarbideWings Manual? 0 Play Time 00:25:28 Cumulative 27.9 hours Start 2024.04.06 @ 18:15:30 End 2024.04.06 @ 20:56:49 Sessions 3 Manual Loads 0 Difficulty Rogue Special Mode None Game No. 52 Rogue 52 Adventurer 0 Explorer 0 Win Type - Total 0 Types 0/0/0/0/0/0/0/0/0 Lore% 22 Gallery% 25 Achievement% 22 Wizard Run 0 Options --------- Layout 0 ASCII 0 Keyboard 0 Movement Mouse Keybinds 0 Fullscreen 1 Font 24/Smallcaps Map View 76x50 Zoom Use 5% Tactical HUD 1 Map Filters NONE Filters NONE Steam 1 RUN: cfa8ba6d-b1e5-436b-99f8-c465f7140bdf